 Dungeon Crawl Stone Soup version 0.28-a0-919-g0b5b508569 (webtiles) character file.

Game seed: 4875274067568848972

16 bearlyready the Insei (level 2, -2/21 HPs)
             Began as a Merfolk Transmuter on Nov 25, 2021.
             Slain by a goblin (3 damage)
             ... on level 1 of the Dungeon.
             The game lasted 00:01:37 (399 turns).

bearlyready the Insei (Merfolk Transmuter)           Turns: 399, Time: 00:01:37

Health: -2/21      AC:  2    Str: 10    XL:     2   Next: 58%
Magic:  5/5        EV: 12    Int: 12    God:
Gold:   0          SH:  0    Dex: 14    Spells: 4/5 levels left

rFire   . . .      SeeInvis .     - Unarmed
rCold   . . .      Faith    .   (no shield)
rNeg    . . .      Spirit   .   a - +0 robe
rPois   .          Reflect  .   (no helmet)
rElec   .          Harm     .   (no cloak)
rCorr   .          Rampage  .   (no gloves)
Will    .....                   (no boots)
Stlth   +.........              (no amulet)
HPRegen 0.07/turn               (no ring)
MPRegen 0.09/turn               (no ring)

@: no status effects
A: (nimble swimmer 2), mertail
a: no special abilities


You were on level 1 of the Dungeon.
You visited 1 branch of the dungeon, and saw 1 of its levels.

Inventory:

Armour
 a - a +0 robe (worn)


   Skills:
 - Level 1.1 Fighting
 - Level 2.6 Dodging
 + Level 3.8 Unarmed Combat
 - Level 2.0 Spellcasting
 + Level 3.5 Transmutations


You had 4 spell levels left.
You knew the following spells:

 Your Spells              Type           Power      Damage    Failure   Level
a - Beastly Appendage     Tmut           18%        N/A       6%          1

Your spell library contained the following spells:

 Spells                   Type           Power      Damage    Failure   Level
 Wereblood                Tmut           9%         N/A       10%         2
 Spider Form              Tmut/Pois      5%         N/A       36%         3
 Ice Form                 Ice/Tmut       5%         N/A       78%         4


Dungeon Overview and Level Annotations

Branches:
Dungeon (1/15)

Altars:


Innate Abilities, Weirdness & Mutations

((You are quick and stealthy near water. (Stealth+, EV+, Speed+++)))
Your lower body shifts to a powerful aquatic tail in water.


Message History

The endoplasm quivers.
Found 5 poisoned darts.
You aren't carrying any potions.
As you read the scroll labelled PYSUTO QECURRE, it crumbles to dust.
It is a scroll of identify.
You don't have any unidentified items.
A frilled lizard and a bat come into view.
The frilled lizard hisses angrily.
The endoplasm closely misses you. The goblin hits you with a +0 club.
* * * LOW HITPOINT WARNING * * *
The bat hits you but does no damage. The bat hits you.
* * * LOW HITPOINT WARNING * * *
The bat closely misses you.
Sorry, you're not good enough to have a special ability.
Casting: Beastly Appendage (safe; 7% risk of failure)
Confirm with . or Enter, or press ? or * to list all spells.
Okay, then.
You hit the frilled lizard.
You kill the frilled lizard!
The bat hits you but does no damage.
You hit the bat. Your punch misses the bat.
The bat is severely wounded.
The bat hits you.
* * * LOW HITPOINT WARNING * * *
You hit the endoplasm.
You kill the endoplasm!
The bat hits you.
* * * LOW HITPOINT WARNING * * *
You closely miss the bat.
The bat is severely wounded.
The bat hits you but does no damage. The bat hits you.
* * * LOW HITPOINT WARNING * * *
You closely miss the bat.
The bat is heavily wounded.
The bat misses you. The goblin hits you but does no damage.
You hit the goblin.
The goblin is heavily wounded.
The bat misses you. x2; The goblin hits you with a +0 club.
You die...

#.........# #.# #.........#
#.# #.........# #w##
######### ..........#####..#
#........
.................####......(.
..÷......)#####".............
#......>...## ###......>.....
#..........g# ######........
.......####'####@b###.g......
########PP#.#PP##g......$....
## ##P≈≈#.#..P####..)...(..
.# ##P≈≈≈#.#..PP##..........
.## #P≈≈≈≈#.#....P#...#....#.
..###P≈≈≈≈#.#...PP#..........
....#######.#######..........
....)......<......+..####.#..
..#.#######.#######... ..


You could see a goblin and a bat.

Vanquished Creatures
  2 dart slugs (D:1)
  A bat (D:1)
  An endoplasm (D:1)
  A giant cockroach (D:1)
  A goblin (D:1)
  A quokka (D:1)
  A frilled lizard (D:1)
  2 kobolds (D:1)
  2 rats (D:1)
12 creatures vanquished.

Notes
Turn   | Place    | Note
-------+----------+-------------------------------------------
     0 | D:1      | bearlyready the Merfolk Transmuter began the quest for the
                  | Orb.
     0 | D:1      | Reached XP level 1. HP: 15/15 MP: 3/3
    97 | D:1      | Reached XP level 2. HP: 12/21 MP: 3/5
   397 | D:1      | HP: 1/21 [bat (1)]
   399 | D:1      | Slain by a goblin

Illustrated notes

Levels and vault maps discovered:
D:1:      psy_arrival_terrarium, layout_rooms, chequers_hall_statues_y

Skill      XL: |  1 |
---------------+----+-----
Transmutations | 3 |  3.5
Fighting       | |  1.1
Dodging        | |  2.6
Unarmed Combat | |  3.8
Spellcasting   | |  2.0

Action                   || total
-------------------------++-------
Melee: Unarmed           ||    35
       Headbutt          ||     5
 Cast: Beastly Appendage ||     5
  Use: Scroll            ||     1
       Potion            ||     1
 Stab: Invisible         ||     3
Armor: Robe              ||    12
Dodge: Dodged            ||    27

Table legend: (Time is in decaauts)
 A = Elapsed time spent in this place.
 B = Non-inter-level travel time spent in this place.
 C = Inter-level travel time spent in this place.
 D = Time resting spent in this place.
 E = Time spent auto-exploring this place.
 F = Levels seen in this place.
 G = Mean time per level.
                   A        B        C        D        E       F      G
               +--------+--------+--------+--------+--------+-----+--------+
         Total |    396 |    396 |      0 |      0 |    278 |   1 |  396.0 |
       Dungeon |    396 |    396 |      0 |      0 |    278 |   1 |  396.0 |
               +--------+--------+--------+--------+--------+-----+--------+

Top non-repeatable levels by time:
     D:1: 396 daAuts
